 Dungeon Crawl Stone Soup version 0.29-a0-344-ge2f44be95a (webtiles) character file.

Game seed: 10189068372893211831

88 freelancePsychic the Grave Robber (level 4, -3/33 HPs)
             Began as a Formicid Necromancer on Apr 21, 2022.
             Was a Follower of Elyvilon.
             Slain by an iguana (11 damage)
             ... on level 4 of the Dungeon.
             The game lasted 00:03:19 (2250 turns).

freelancePsychic the Grave Robber (FoNe)            Turns: 2250, Time: 00:03:19

Health: -3/33      AC:  7    Str: 14    XL:     4   Next: 82%
Magic:  8/8        EV:  9    Int: 15    God:    Elyvilon [*.....]
Gold:   70         SH:  0    Dex: 11    Spells: 7/8 levels left

rFire   . . .      SeeInvis +   c - +0 spear
rCold   . . .      Faith    .   (no shield)
rNeg    . . .      Spirit   .   g - +0 scale mail
rPois   .          Reflect  .   (helmet unavailable)
rElec   .          Harm     .   (no cloak)
rCorr   .          Rampage  .   d - +0 pair of gloves
Will    .....                   (no boots)
Stlth   +.........              (no amulet)
HPRegen 0.11/turn               (no ring)
MPRegen 0.11/turn               (no ring)

@: mighty
A: permanent stasis, dig shafts and tunnels, antennae 3, four strong arms
a: Dig, Shaft Self, Renounce Religion, Purification


You were on level 4 of the Dungeon.
You worshipped Elyvilon.
Elyvilon was aware of your devotion.
You visited 1 branch of the dungeon, and saw 5 of its levels.

You collected 70 gold pieces.

Inventory:

Hand Weapons
 c - a +0 spear (weapon)
Armour
 a - a +0 robe
 d - a +0 pair of gloves (worn)
 g - a +0 scale mail (worn)
Scrolls
 e - 2 scrolls of teleportation {unknown}
 i - a scroll of identify {unknown}
 m - 3 scrolls of fog {unknown}
 n - 3 scrolls of fear {unknown}
 o - a scroll of brand weapon {unknown}
 p - a scroll of silence {unknown}
 q - a scroll of blinking {unknown}
 s - a scroll of enchant armour {unknown}
Potions
 b - a potion of magic
 f - a potion of haste {unknown}
 h - a potion of might
 j - a potion of heal wounds {unknown}
 k - a potion of curing {unknown}
 l - a potion of brilliance {unknown}
 r - 2 potions of invisibility {unknown}


   Skills:
 + Level 2.1 Fighting
 * Level 1.8 Polearms
 - Level 1.7 Dodging
 - Level 2.4 Stealth
 - Level 2.7 Spellcasting
 - Level 4.3 Necromancy
 + Level 1.4 Invocations


You had 7 spell levels left.
You knew the following spells:

 Your Spells              Type           Power      Damage    Failure   Level
a - Pain                  Necr           60%        1d7       16%         1

Your spell library contained the following spells:

 Spells                   Type           Power      Damage    Failure   Level
 Animate Skeleton         Necr           30%        N/A       16%         1
 Vampiric Draining        Necr           15%        2d7       43%         3
 Summon Small Mammal      Summ           8%         N/A       67%         1
 Animate Dead             Necr           7%         N/A       83%         4
 Call Canine Familiar     Summ           2%         N/A       95%         3
 Summon Guardian Golem    Hex/Summ       2%         N/A       95%         3
 Agony                    Necr           15%        N/A       99%         5


Dungeon Overview and Level Annotations

Branches:
Dungeon (5/15)
 Temple: D:4-7

Altars:
Elyvilon


Innate Abilities, Weirdness & Mutations

You cannot be hasted, slowed, berserked, paralysed or teleported.
You can dig through walls and to a lower floor.
You have a pair of large antennae on your head. (SInv)
Your four strong arms can wield two-handed weapons with a shield.


Message History

Found a stone staircase leading up.
e - 2 scrolls labelled BIHECVE GUCYESK (gained 1)
Found an escape hatch in the ceiling.
There is a stone staircase leading up here.
You climb upwards.
There is a stone staircase leading down here.
An iguana comes into view.
Found a stone staircase leading up.
You reach to attack!
You closely miss the iguana. You closely miss the iguana. The iguana bites you.
You closely miss the iguana. The iguana bites you!
You are too injured to fight recklessly!
You are too injured to fight recklessly!
You are too injured to fight recklessly!
You are too injured to fight recklessly!
You are too injured to fight recklessly!
You are too injured to fight recklessly!
You are too injured to fight recklessly!
You are too injured to fight recklessly!
You are too injured to fight recklessly!
You are too injured to fight recklessly!
You are too injured to fight recklessly!
You are too injured to fight recklessly!
You are too injured to fight recklessly!
You are too injured to fight recklessly!
You hit the iguana. Your punch misses the iguana.
The iguana is lightly wounded.
The iguana bites you!
* * * LOW HITPOINT WARNING * * *
You barely miss the iguana.
The iguana is lightly wounded.
The iguana bites you but does no damage.
Okay, then.
Casting: Pain (safe; 16% risk of failure)
Confirm with . or Enter, or press ? or * to list all spells.
Casting this spell will place you under penance.
Really cast?
Okay, then.
You feel very mighty all of a sudden. The iguana bites you!
You die...

.. ###.# #<#
#...# #.#
###...###.#
#.......#.#
#..........
#..>....#.#
###.....#l#
#.###.....#@#
#...........#
######.#.####
#.#.# #.#.#
#.#.# #.#.#
#...# ##..#


You could see an iguana.

Vanquished Creatures
  A jelly (D:2)
  2 adders (D:2)
  A dart slug (D:3)
  5 ball pythons
  2 endoplasms (D:2)
  4 giant cockroaches
  4 goblins (D:1)
  3 hobgoblins (D:2)
  3 kobolds
  2 quokkas (D:3)
  6 bats
  3 rats
36 creatures vanquished.

Notes
Turn   | Place    | Note
-------+----------+-------------------------------------------
     0 | D:1      | freelancePsychic the Formicid Necromancer began the quest
                  | for the Orb.
     0 | D:1      | Reached XP level 1. HP: 13/13 MP: 3/3
   308 | D:1      | Reached XP level 2. HP: 18/20 MP: 3/5
   416 | D:1      | Reached skill level 1 in Fighting
   558 | D:2      | Found a white marble altar of Elyvilon.
   567 | D:2      | Reached XP level 3. HP: 22/26 MP: 2/7
   570 | D:2      | Became a worshipper of Elyvilon the Healer
  1352 | D:2      | Reached skill level 1 in Polearms
  1431 | D:2      | Reached XP level 4. HP: 33/33 MP: 8/8
  1507 | D:2      | Reached skill level 1 in Invocations
  1796 | D:2      | Reached * piety under Elyvilon
  2161 | D:3      | You fall into a shaft and drop 2 floors!
  2161 | D:5      | Entered Level 5 of the Dungeon
  2181 | D:5      | Noticed a necrophage
  2201 | D:4      | Noticed a wight
  2202 | D:4      | Noticed a wight
  2250 | D:4      | Slain by an iguana

Illustrated notes

Levels and vault maps discovered:
D:1:      dpeg_arrival_chambers_temple_mockup, layout_rooms, amethyst_killhole,
          minmay_vboxes
D:2:      layout_loops_cross, basic_altar
D:3:      layout_basic, serial_curves, eino_curves_02, eino_curves_03
D:4:      layout_loops_ring
D:5:      layout_cave_pods, nicolae_qazlal_eye_of_the_storm,
          nicolae_overflow_quartered_altars, minmay_temple_entry_butterflies,
          uniq_grinder

Skill      XL: |  1  2  3  4 |
---------------+-------------+-----
Fighting       | 1 2 |  2.1
Polearms       | 1 |  1.8
Invocations    | 1 |  1.4
Dodging        | |  1.7
Stealth        | |  2.4
Spellcasting   | |  2.7
Necromancy     | |  4.3

Action                   |  1- 3 |  4- 6 || total
-------------------------+-------+-------++-------
Melee: Spear             |    75 |    53 ||   128
 Cast: Pain              |    21 |       ||    21
  Use: Potion            |     1 |     1 ||     2
 Stab: Sleeping          |     1 |       ||     1
Armor: Robe              |    10 |       ||    10
       Scale mail        |    28 |    16 ||    44
Dodge: Dodged            |    50 |    18 ||    68

Table legend: (Time is in decaauts)
 A = Elapsed time spent in this place.
 B = Non-inter-level travel time spent in this place.
 C = Inter-level travel time spent in this place.
 D = Time resting spent in this place.
 E = Time spent auto-exploring this place.
 F = Levels seen in this place.
 G = Mean time per level.
                   A        B        C        D        E       F      G
               +--------+--------+--------+--------+--------+-----+--------+
         Total |   2256 |   2235 |     21 |     18 |   1848 |   5 |  451.2 |
       Dungeon |   2256 |   2235 |     21 |     18 |   1848 |   5 |  451.2 |
               +--------+--------+--------+--------+--------+-----+--------+

Top non-repeatable levels by time:
     D:2: 1387 daAuts
     D:1: 472 daAuts
     D:3: 307 daAuts
     D:5: 49 daAuts
     D:4: 40 daAuts
